Map: Романтицид РВ

Players

ИИ 1 (новичок) - Winner!

  • Race: Zerg Zerg
  • Spawn Location: 11:00

MindelVK

  • Race: Protoss Protoss
  • League: Grandmaster
  • Spawn Location: 5:00

VOD

https://youtu.be/qdJxCz0CrNM

Description

Time

  • Played on: Jan. 3, 2021, 4:10 a.m.
  • Length: 10:19
Show
View Real Time Build Order
Export as new Build Order

ИИ 1 (новичок) Zerg - Winner!

Build Orders: Hatch First 

Get SALT Encoding   

  12  0:00  Drone  
  13  0:12  Overlord  
  13  0:16  Drone  
  14  0:42  Hatchery  
  13  0:45  Drone  
  14  1:03  Spawning Pool  
  13  1:05  Extractor  
  13  1:07  Drone  
  13  1:15  Drone  
  14  1:20  Overlord  
  14  1:50  Zergling x2  
  14  1:51  Queen  
  14  1:53  Zergling x2  
  18  1:59  Roach Warren  
  17  2:04  Drone  
  18  2:09  Extractor  
  18  2:12  Drone  
  18  2:17  Zergling x2  
  19  2:23  Drone  
  20  2:30  Drone  
  21  2:37  Drone  
  22  2:44  Drone  
  23  2:51  Drone  
  24  2:58  Drone  
  24  3:03  Roach  
  27  3:06  Drone  
  27  3:13  Drone  
  27  3:17  Overlord  
  28  3:22  Drone  
  29  3:29  Drone  
  30  3:36  Drone  
  31  3:43  Drone  
  31  3:48  Overlord  
  32  3:49  Roach  
  32  3:52  Drone  
  35  3:56  Lair  
  35  3:59  Drone  
  36  4:07  Drone  
  37  4:14  Drone  
  38  4:21  Drone  
  39  4:28  Drone  
  40  4:35  Drone, Roach  
  40  4:37  Overlord  
  43  4:42  Drone  
  44  4:49  Drone  
  45  4:55  Overseer  
  45  4:57  Drone, Overseer  
  46  5:03  Extractor  
  46  5:04  Drone  
  46  5:09  Extractor  
  46  5:11  Drone  
  46  5:18  Drone  
  46  5:20  Roach  
  49  5:25  Drone  
  50  5:33  Drone  
  51  5:40  Drone  
  52  6:18  Overlord, Overseer  
  52  6:29  Overlord  
  52  6:30  Hatchery  
  51  6:37  Drone  
  52  7:18  Lair, Overlord  
  52  8:18  Overseer  
  52  10:02  Overseer  
  52  10:04  Infestation Pit  
  52  10:05  Drone  
  52  10:07  Hydralisk Den  
Show
View Real Time Build Order
Export as new Build Order

MindelVK Protoss 

Build Orders: 1 Gate Expand 

Get SALT Encoding   

  12  0:00  Probe  
  13  0:12  Probe  
  14  0:17  Pylon  
  14  0:24  Probe (Chrono Boost)  
  16  0:36  Probe (Chrono Boost)  
  16  0:39  Gateway  
  16  0:43  Probe (Chrono Boost)  
  16  0:46  Assimilator  
  17  0:50  Probe  
  18  1:03  Probe  
  19  1:15  Probe  
  20  1:22  Nexus  
  20  1:32  Cybernetics Core  
  20  1:35  Probe  
  21  1:41  Assimilator  
  21  1:47  Probe  
  21  1:50  Pylon  
  22  1:59  Probe (Chrono Boost)  
  23  2:06  Adept (Chrono Boost)  
  24  2:09  Probe (Chrono Boost)  
  24  2:14  Probe (Chrono Boost)  
  26  2:19  Stargate  
  27  2:28  Probe (Chrono Boost), Stalker  
  30  2:34  Probe (Chrono Boost)  
  31  2:39  Warp Gate  
  31  2:43  Probe x2 (Chrono Boost)  
  33  2:48  Probe (Chrono Boost)  
  33  2:50  Probe  
  35  2:53  Pylon  
  35  3:00  Void Ray  
  35  3:01  Probe (Chrono Boost)  
  35  3:04  Probe (Chrono Boost)  
  42  3:13  Probe (Chrono Boost)  
  43  3:20  Probe (Chrono Boost)  
  43  3:21  Probe (Chrono Boost)  
  43  3:22  Assimilator x2  
  43  3:26  Probe  
  45  3:27  Probe  
  45  3:28  Gateway  
  46  3:37  Stargate  
  46  3:38  Probe  
  46  3:39  Probe  
  48  3:46  Void Ray (Chrono Boost)  
  48  3:51  Probe x2  
  48  3:55  Pylon  
  54  4:07  Pylon  
  54  4:13  Probe x2  
  54  4:14  Void Ray  
  56  4:19  Void Ray  
  60  4:29  Pylon  
  64  4:35  Adept  
  66  4:39  Protoss Air Weapons Level 1 (Chrono Boost)  
  66  4:43  Nexus  
  66  4:45  Pylon  
  66  4:50  Probe  
  66  4:51  Void Ray  
  67  4:56  Void Ray  
  71  5:04  Pylon  
  71  5:06  Shield Battery  
  75  5:12  Probe x2  
  77  5:24  Probe x2  
  77  5:28  Void Ray  
  79  5:33  Void Ray  
  79  5:34  Gateway  
  79  5:35  Gateway  
  83  5:37  Probe x2  
  89  5:48  Robotics Facility  
  89  5:49  Forge  
  90  5:51  Probe (Chrono Boost)  
  90  5:53  Twilight Council  
  90  5:56  Probe (Chrono Boost)  
  92  5:57  Probe (Chrono Boost)  
  93  6:06  Probe (Chrono Boost)  
  93  6:07  Probe x2 (Chrono Boost)  
  95  6:11  Probe (Chrono Boost)  
  95  6:12  Probe (Chrono Boost)  
  95  6:13  Probe  
  98  6:19  Protoss Ground Weapons Level 1 (Chrono Boost)  
  98  6:22  Probe  
  98  6:23  Probe  
  101  6:25  Probe  
  101  6:26  Assimilator  
  101  6:28  Assimilator  
  101  6:30  Photon Cannon, Charge  
  101  6:31  Photon Cannon  
  101  6:33  Photon Cannon  
  101  6:34  Probe  
  101  6:36  Observer  
  101  6:39  Robotics Bay  
  103  6:44  Probe x2, Templar Archives  
  103  6:46  Probe  
  106  6:54  Pylon  
  106  6:56  Photon Cannon  
  106  6:57  Pylon  
  106  6:58  Photon Cannon  
  106  6:59  Psionic Storm  
  106  7:00  Shield Battery  
  106  7:02  Pylon  
  106  7:10  Probe x2  
  106  7:12  Immortal  
  112  7:18  Gateway x2  
  112  7:21  Gateway, High Templar x2  
  116  7:27  Gateway  
  116  7:40  Zealot x2  
  116  7:44  Photon Cannon  
  120  7:45  Photon Cannon  
  120  7:47  Photon Cannon  
  120  7:48  Shield Battery x2  
  120  7:51  Immortal  
  120  7:54  High Templar x2  
  128  7:58  Pylon  
  128  8:00  Pylon  
  128  8:03  Pylon  
  128  8:14  Pylon  
  128  8:20  Nexus  
  128  8:26  High Templar x2  
  132  8:28  Zealot x3  
  132  8:30  Archon  
  132  8:31  Immortal  
  142  8:38  Fleet Beacon  
  142  8:41  Photon Cannon  
  142  8:42  Photon Cannon, Shield Battery  
  142  8:45  Photon Cannon  
  142  8:47  Shield Battery  
  142  8:52  Stargate  
  142  9:00  Cybernetics Core  
  142  9:01  Probe x3  
  145  9:13  Probe x3  
  148  9:20  Carrier (Chrono Boost)  
  148  9:23  Carrier (Chrono Boost)  
  154  9:25  Probe x3  
  163  9:37  Probe x2  
  165  9:38  Assimilator  
  165  9:40  Assimilator  
  171  9:46  Photon Cannon  
  171  9:47  Pylon  
  171  10:00  Probe  
  171  10:01  Probe x3  
Tags
 
Add a new tag
Caveats
  • Supply blocks, unpowered buildings, or Contaminate may cause inaccurate times.
  • Supply counts are checked every 10 seconds.